 Dungeon Crawl Stone Soup version 0.29.1 (webtiles) character file.

Game seed: 2859325065834331008

123 qw the Chopper (level 5, -4/32 HPs)
             Began as a Gargoyle Fighter on Sept 13, 2022.
             Slain by an ice beast (7 damage)
             ... on level 3 of the Dungeon.
             The game lasted 00:01:01 (2702 turns).

qw the Chopper (Gargoyle Fighter)                   Turns: 2702, Time: 00:01:02

Health: -4/32      AC:  0    Str: 21    XL:     5   Next: 7%
Magic:  5/5        EV: 13    Int:  9    God:
Gold:   148        SH:  0    Dex:  9    Spells: 4/4 levels left

rFire   . . .      SeeInvis .   (weapon currently unavailable)
rCold   . . .      Faith    .   (shield currently unavailable)
rNeg    + . .      Spirit   .   (body armour currently unavailable)
rPois   inf        Reflect  .   (helmet currently unavailable)
rElec   .          Harm     .   (cloak currently unavailable)
rCorr   .          Rampage  .   (gloves currently unavailable)
Will    .....                   (boots currently unavailable)
Stlth   +.........              (no amulet)
HPRegen 0.10/turn               (ring currently unavailable)
MPRegen 0.09/turn               (ring currently unavailable)

@: pig-form, very quick
A: fast, no casting, sickness immunity, AC +4, small, negative energy resistance
1, (electricity resistance), torment resistance 1, petrification resistance
a: no special abilities


You were on level 3 of the Dungeon.
You were a filthy swine.
You visited 1 branch of the dungeon, and saw 3 of its levels.

You collected 148 gold pieces.


Innate Abilities, Weirdness & Mutations

You are a filthy swine.
You move quickly.
Your equipment is almost entirely melded.
You are incapable of wielding weapons or throwing items.
You cannot cast spells.
You are immune to sickness and miasma.
((Your stone body is resilient. (AC +4)))
You are immune to poison.
You resist negative energy. (rN+)
((You are resistant to electric shocks. (rElec)))
You are resistant to unholy torment.
You are immune to petrification.


   Skills:
 - Level 3.2 Fighting
 + Level 4.6 Axes
 - Level 3.2 Armour
 - Level 3.2 Shields


You had 4 spell levels left.
You didn't know any spells.
Your spell library was empty.

Inventory:

Hand Weapons
 e - a +2 antimagic mace
 Y - a +0 war axe (melded)
Armour
 b - a +0 scale mail (melded)
 c - a +0 buckler (melded)
 j - a +0 chain mail
Scrolls
 h - 2 scrolls of identify
Potions
 d - a potion of might
 f - a potion of berserk rage {unknown}
 g - a potion of heal wounds {unknown}
 i - a potion of flight {unknown}
 l - a potion of curing {unknown}

Dungeon Overview and Level Annotations

Branches:
Dungeon (3/15)

Altars:
Fedhas

Annotations:
D:3 Natasha


Message History

The ice beast is heavily wounded.
The ice beast barely misses you.
You hit the ice beast.
The ice beast is heavily wounded.
The ice beast hits you but does no damage.
You hit the ice beast.
The ice beast is severely wounded.
Your surroundings suddenly seem different.
Found a whip.
Enter note: You start resting.
Natasha, Servant of Life and Death comes into view.
She is carrying a wand of polymorph (12).
2685 ||| Stepping ~*~*~tactically~*~*~ (stealth).
You start resting.
Natasha is nearby!
2688 ||| Stepping ~*~*~tactically~*~*~ (stealth).
2689 ||| Stepping ~*~*~tactically~*~*~ (stealth).
2690 ||| Stepping ~*~*~tactically~*~*~ (stealth).
A rat comes into view.
2691 ||| FLEEEEING.
2692 ||| Stepping ~*~*~tactically~*~*~ (hiding).
2693 ||| READING scroll of teleportation.
As you read the scroll of teleportation, it crumbles to dust.
You feel strangely unstable.
Natasha zaps a wand.
You resist with some effort.
You hit Natasha but do no damage.
Natasha mumbles some strange words.
Natasha claws you.
You slash Natasha!
Natasha is almost dead.
Natasha zaps a wand.
You turn into a filthy swine.
Your +0 war axe melds into your body.
Your +0 buckler melds into your body.
Your +0 scale mail melds into your body.
You barely miss Natasha.
Natasha is almost dead.
Your surroundings suddenly seem different.
You barely miss the ice beast.
The ice beast is severely wounded.
The ice beast hits you. The ice beast freezes you!
You die...

######### ######
#.......# .....#
#.......# .....#
#...h...# .....#
#...Y...# .....##
#.......# ......###
#...!...# ........###
#..[....# .....#%...#
#.......# ..##.##...#
#........
###...##.>###.......#.
# #.....#....###
#.####.#..


You could see an ice beast.

Vanquished Creatures
  Natasha (D:3)
  3 adders (D:2)
  A worm (D:2)
  A dart slug (D:3)
  2 orcs
  8 endoplasms
  3 giant cockroaches
  7 hobgoblins
  2 jackals (D:1)
  6 ball pythons (D:2)
  3 bats
  6 frilled lizards
  8 goblins
  7 kobolds
  3 rats
61 creatures vanquished.

Vanquished Creatures (others)
  A plant (D:1)
1 creature vanquished.

Grand Total: 62 creatures vanquished

Notes
Turn   | Place    | Note
-------+----------+-------------------------------------------
     0 | D:1      | qw the Gargoyle Fighter began the quest for the Orb.
     0 | D:1      | Reached XP level 1. HP: 14/14 MP: 1/1
     0 | D:1      | 0 ||| qw: Version: 0.1-a-119-g272c26d
     0 | D:1      | 0 ||| qw: Game counter: 11214
     0 | D:1      | 0 ||| qw: Always use a shield: true
     0 | D:1      | 0 ||| qw: God list: Okawaru
     0 | D:1      | 0 ||| qw: Allow faded altars: false
     0 | D:1      | 0 ||| qw: Do Orc after D:15 true
     0 | D:1      | 0 ||| qw: Do second Lair branch before Depths: true
     0 | D:1      | 0 ||| qw: Lair rune preference: random
     0 | D:1      | 0 ||| qw: Plans: Normal, Zot, God:TSO, Crypt, Tomb, Pan,
                  | Slime, Hells, Zig, Abyss, Orb
     0 | D:1      | 0 ||| PLANNING D:1-11
    41 | D:1      | You fall into a shaft and drop 1 floor!
    58 | D:2      | Reached skill level 2 in Axes
    83 | D:2      | 83 ||| READING scroll labelled UBEDOF XAVAJ.
   117 | D:2      | 117 ||| Stepping ~*~*~tactically~*~*~ (stealth).
   120 | D:2      | 120 ||| Stepping ~*~*~tactically~*~*~ (stealth).
   125 | D:2      | 125 ||| READING scroll labelled GEWOEM HORUKES.
   128 | D:2      | 128 ||| Stepping ~*~*~tactically~*~*~ (stealth).
   192 | D:2      | 192 ||| FLEEEEING.
   193 | D:2      | 193 ||| FLEEEEING.
   194 | D:2      | 194 ||| FLEEEEING.
   196 | D:2      | 196 ||| FLEEEEING.
   197 | D:2      | 197 ||| FLEEEEING.
   198 | D:2      | 198 ||| FLEEEEING.
   199 | D:2      | 199 ||| FLEEEEING.
   200 | D:2      | 200 ||| FLEEEEING.
   201 | D:2      | 201 ||| FLEEEEING.
   202 | D:2      | 202 ||| FLEEEEING.
   203 | D:2      | 203 ||| FLEEEEING.
   204 | D:2      | 204 ||| FLEEEEING.
   205 | D:2      | 205 ||| STAIRDANCE
   451 | D:1      | Reached XP level 2. HP: 18/19 MP: 2/2
   483 | D:1      | 483 ||| DROPPING +0 club.
   765 | D:1      | Reached skill level 3 in Axes
   878 | D:1      | Reached XP level 3. HP: 23/23 MP: 3/3
  1074 | D:1      | Found a faded altar of an unknown god.
  1271 | D:1      | 1271 ||| Stepping ~*~*~tactically~*~*~ (stealth).
  1544 | D:1      | 1544 ||| Stepping ~*~*~tactically~*~*~ (stealth).
  1652 | D:1      | 1652 ||| READING scroll labelled HIRPHA PEYNIOLAPRO.
  1653 | D:1      | 1653 ||| READING scroll labelled METIOX WYARAESS.
  1654 | D:1      | 1654 ||| READING 2 scrolls labelled PARRISTATO.
  1655 | D:1      | 1655 ||| READING scroll labelled NITODA KIETWEYDD.
  1656 | D:1      | 1656 ||| DROPPING scroll of fear.
  1741 | D:2      | 1741 ||| Stepping ~*~*~tactically~*~*~ (stealth).
  1773 | D:2      | Reached XP level 4. HP: 20/28 MP: 4/4
  1970 | D:2      | Reached skill level 4 in Axes
  2311 | D:2      | 2311 ||| READING scroll labelled UNYUCU FUXEFEA.
  2312 | D:2      | 2312 ||| READING scroll labelled LICHIUMOURCH.
  2313 | D:2      | 2313 ||| READING scroll labelled KIVVOF AP UFU.
  2331 | D:3      | 2331 ||| STAIRDANCE
  2338 | D:3      | 2338 ||| STAIRDANCE
  2499 | D:3      | Noticed Natasha
  2500 | D:3      | 2500 ||| Stepping ~*~*~tactically~*~*~ (stealth).
  2501 | D:3      | 2501 ||| Stepping ~*~*~tactically~*~*~ (stealth).
  2506 | D:3      | Killed Natasha
  2507 | D:3      | Reached XP level 5. HP: 22/32 MP: 5/5
  2619 | D:3      | Found a blossoming altar of Fedhas.
  2664 | D:3      | Noticed an ice beast
  2667 | D:3      | 2667 ||| Stepping ~*~*~tactically~*~*~ (hiding).
  2678 | D:3      | HP: 6/32 [ice beast (6)]
  2679 | D:3      | 2679 ||| READING 2 scrolls of teleportation.
  2684 | D:3      | Noticed Natasha
  2685 | D:3      | 2685 ||| Stepping ~*~*~tactically~*~*~ (stealth).
  2688 | D:3      | 2688 ||| Stepping ~*~*~tactically~*~*~ (stealth).
  2689 | D:3      | 2689 ||| Stepping ~*~*~tactically~*~*~ (stealth).
  2690 | D:3      | 2690 ||| Stepping ~*~*~tactically~*~*~ (stealth).
  2691 | D:3      | 2691 ||| FLEEEEING.
  2692 | D:3      | 2692 ||| Stepping ~*~*~tactically~*~*~ (hiding).
  2693 | D:3      | 2693 ||| READING scroll of teleportation.
  2695 | D:3      | HP: 6/32 [Natasha (2)]
  2702 | D:3      | HP: 3/32 [ice beast (3)]
  2702 | D:3      | Slain by an ice beast

Levels and vault maps discovered:
D:1:      dpeg_arrival_arbitrary_a, layout_basic,
          dilly_ecumenical_altar_fadedgnrine, serial_bayou_lagoon_a
D:2:      layout_basic
D:3:      layout_rooms, marbit_many_paths, minmay_misc_feat_roman, uniq_natasha,
          uniq_crazy_yiuf_cottage, uniq_robin

Skill      XL: |  1  2  3  4 |
---------------+-------------+-----
Axes           | 2 3 4 |  4.6
Fighting       | |  3.2
Armour         | |  3.2
Shields        | |  3.2

Action                   |  1- 3 |  4- 6 || total
-------------------------+-------+-------++-------
Melee: War axe           |   130 |    51 ||   181
       Unarmed           |       |     2 ||     2
Throw: Boomerang         |       |    17 ||    17
  Use: Scroll            |     6 |     5 ||    11
Armor: Scale mail        |    65 |    32 ||    97
Dodge: Dodged            |    50 |    21 ||    71
Block: Buckler           |    23 |     5 ||    28

Table legend:
 A = Non-vault XP
 B = Vault XP
 C = Vault XP percentage of total XP
 D = Non-vault monster count
 E = Vault monster count
 F = Vault count percentage of total count
                 A         B        C        D         E       F
            +---------+---------+-------+---------+---------+-------
      Total |     139 |      37 |  21.0 |      59 |       2 |   3.3
            +---------+---------+-------+---------+---------+-------
        D:1 |      43 |       0 |   0.0 |      26 |       0 |   0.0
        D:2 |      81 |       0 |   0.0 |      26 |       0 |   0.0
        D:3 |      15 |      37 |  71.2 |       7 |       2 |  22.2
            +---------+---------+-------+---------+---------+-------
